 Dungeon Crawl Stone Soup version 0.30-a0-222-ge547ba4400 (webtiles) character file.

Game seed: 1500457621056951403

18 Decritt the Trooper (level 2, 27/27 HPs)
             Began as a Minotaur Fighter on Oct 8, 2022.
             Quit the game on level 1 of the Dungeon.
             The game lasted 00:01:09 (452 turns).

Decritt the Trooper (Minotaur Fighter)               Turns: 452, Time: 00:01:10

Health: 27/27      AC:  9    Str: 20    XL:     2   Next: 51%
Magic:  1/1        EV:  7    Int:  5    God:
Gold:   78         SH:  4    Dex:  9    Spells: 1/1 levels left

rFire   . . .      SeeInvis .    a - +0 war axe
rCold   . . .      Faith    .    c - +0 buckler
rNeg    . . .      Spirit   .    h - +0 chain mail
rPois   .          Reflect  .    (helmet restricted)
rElec   .          Harm     .    (no cloak)
rCorr   .          Rampage  .    (no gloves)
Will    .....                    (no boots)
Stlth   ..........               (no amulet)
HPRegen 0.24/turn                (no ring)
MPRegen 0.07/turn                (no ring)

@: no status effects
A: horns 2, retaliatory headbutt
a: no special abilities


You were on level 1 of the Dungeon.
You visited 1 branch of the dungeon, and saw 1 of its levels.

You collected 78 gold pieces.

Inventory:

Hand Weapons
 a - a +0 war axe (weapon)
Armour
 b - a +0 scale mail
 c - a +0 buckler (worn)
 h - a +0 chain mail (worn)
Jewellery
 j - an amulet of magic regeneration
Scrolls
 e - 3 scrolls of poison {unknown}
 i - 3 scrolls of vulnerability {unknown}
Potions
 d - a potion of might
 f - a potion of cancellation {unknown}
 g - a potion of curing {unknown}


   Skills:
 * Level 4.0 Fighting
 * Level 3.0 Axes
 + Level 3.8 Armour
 + Level 0.7 Dodging
 - Level 3.6 Shields


You had one spell level left.
You didn't know any spells.
Your spell library contained the following spells:

 Spells                   Type           Power      Damage    Failure   Level
 Frozen Ramparts          Ice            0%         1d1       100%        3
 Ice Form                 Ice/Tmut       0%         N/A       100%        4
 Summon Ice Beast         Ice/Summ       0%         N/A       100%        4


Dungeon Overview and Level Annotations

Branches:
Dungeon (1/15)

Altars:


Innate Abilities, Weirdness & Mutations

You have a pair of horns on your head.
You reflexively headbutt those who attack you in melee.


Message History

A rat comes into view.
Found 10 gold pieces.
The rat twitches its whiskers.
You block the rat's attack.
You hit the rat.
You kill the rat!
No target in view!
No target in view!
A ball python comes into view.
The ball python hisses angrily.
The ball python bites you but does no damage.
The ball python grabs you. The ball python constricts you.
The ball python bites you but does no damage.
The ball python constricts you.
You slash the ball python!
You kill the ball python!
No target in view!
No target in view!
No target in view!
You now have 78 gold pieces (gained 10).
A kobold comes into view. It is wielding a +0 short sword.
The kobold hits you but does no damage.
You hit the kobold. Your headbutt misses the kobold.
The kobold is moderately wounded.
You block the kobold's attack.
You closely miss the kobold.
The kobold is moderately wounded.
The kobold barely misses you.
You slash the kobold!
You kill the kobold!
Your Axes skill increases to level 3!
No target in view!
No target in view!
Found a runed hat.
Things that are here:
a +0 short sword; 3 stones; a kobold corpse Welcome back, Decritt the Minotaur Fighter.
Press ? for a list of commands and other information.
You see here a +1 hat.
Are you sure you want to abandon this character and quit the game? (Confirm with "yes".)

## ###
....#
##.#.##
.#... #
#.#.#
#.##.#@#
#......#
####.###
#(#
##.####
##.#...#
#......#
#.##....#
#.# #...#


There were no monsters in sight!

Vanquished Creatures
  A dart slug (D:1)
  2 giant cockroaches (D:1)
  A goblin (D:1)
  A hobgoblin (D:1)
  3 ball pythons (D:1)
  2 bats (D:1)
  3 kobolds (D:1)
  4 rats (D:1)
17 creatures vanquished.

Notes
Turn   | Place    | Note
-------+----------+-------------------------------------------
     0 | D:1      | Decritt the Minotaur Fighter began the quest for the Orb.
     0 | D:1      | Reached XP level 1. HP: 19/19 MP: 0/0
   208 | D:1      | Reached XP level 2. HP: 25/27 MP: 1/1
   405 | D:1      | Reached skill level 4 in Fighting
   452 | D:1      | Quit the game

Illustrated notes

Levels and vault maps discovered:
D:1:      lightli_molten_gateway, layout_loops_cross, minmay_misc_feat_chi,
          serial_park_tiny_2, grunt_decor_resistance, st_stairs_13

Skill      XL: |  1  2 |
---------------+-------+-----
Fighting       | 4 |  4.0
Axes           | 3 |  3.0
Armour         | |  3.8
Dodging        | |  0.7
Shields        | |  3.6

Action                   || total
-------------------------++-------
Melee: War axe           ||    45
       Headbutt          ||     5
Armor: Scale mail        ||     8
       Chain mail        ||    14
Dodge: Dodged            ||    15
Block: Buckler           ||    11

Table legend: (Time is in decaauts)
 A = Elapsed time spent in this place.
 B = Non-inter-level travel time spent in this place.
 C = Inter-level travel time spent in this place.
 D = Time resting spent in this place.
 E = Time spent auto-exploring this place.
 F = Levels seen in this place.
 G = Mean time per level.
                   A        B        C        D        E       F      G
               +--------+--------+--------+--------+--------+-----+--------+
         Total |    471 |    471 |      0 |      0 |    328 |   1 |  471.0 |
       Dungeon |    471 |    471 |      0 |      0 |    328 |   1 |  471.0 |
               +--------+--------+--------+--------+--------+-----+--------+

Top non-repeatable levels by time:
     D:1: 471 daAuts
